 Dungeon Crawl Stone Soup version 0.17-a0-483-g810ce3f (webtiles) character file.

1075 Radiman the Cleaver (level 8, -3/63 HPs)
             Began as a Centaur Fighter on Apr 8, 2015.
             Killed from afar by an orc wizard (8 damage)
             ... with a puff of flame
             ... on level 5 of the Dungeon.
             The game lasted 00:19:55 (6731 turns).

Radiman the Cleaver (Centaur Fighter)               Turns: 6731, Time: 00:19:55

Health: -3/63      AC:  9    Str: 20    XL:     8   Next: 8%
Magic:  8/8        EV:  1    Int:  7    God:
Gold:   168        SH:  8    Dex: 10    Spells: 0 memorised, 7 levels left

rFire  . . .     SeeInvis .     a - +0 war axe
rCold  . . .     Clarity  .     G - +0 plate armour
rNeg   . . .     SustAb   +     c - +0 shield
rPois  .         Gourm    +     (no helmet)
rElec  .         Spirit   .     (no cloak)
rCorr  .         Warding  .     (no gloves)
rMut   .         Stasis   .     (no barding)
MR     .....                    L - amulet of the gourmand
Stlth  ..........               (no ring)
                                b - ring of sustain abilities

@: very quick, not resistant to hostile enchantments, extremely unstealthy
A: hooves 3, deformed body, speed 2, tough skin 3
a: no special abilities


You were on level 5 of the Dungeon.
You were completely stuffed.

You visited 1 branch of the dungeon, and saw 6 of its levels.

You collected 168 gold pieces.

Inventory:

Hand weapons
 a - a +0 war axe (weapon)
 K - a +0 blowgun
Missiles
 y - 52 poisoned needles
 B - 4 needles of slowing
Armour
 c - a +0 shield (worn)
 C - a fire dragon hide
 G - a +0 plate armour (worn)
Jewellery
 b - a ring of sustain abilities (left hand)
 s - an uncursed amulet of guardian spirit
 L - an amulet of the gourmand (around neck)
Magical devices
 u - a wand of digging (14)
Scrolls
 h - 2 scrolls of recharging {unknown}
 i - 3 scrolls of noise {unknown}
 k - 2 scrolls of amnesia {unknown}
 l - 2 scrolls of enchant armour {unknown}
 o - a scroll of teleportation {unknown}
 q - 3 scrolls of identify {unknown}
 r - a scroll of random uselessness {unknown}
 F - 2 scrolls of remove curse {unknown}
 I - 2 scrolls of immolation {unknown}
 J - a scroll of fear {unknown}
 M - a scroll of enchant weapon {unknown}
Potions
 e - 3 potions of might
 j - 3 potions of curing {unknown}
 m - a potion of invisibility {unknown}
 n - 2 potions of magic {unknown}
 p - 2 potions of flight {unknown}
 t - a potion of poison {unknown}
 w - a potion of mutation {unknown}
 x - a potion of heal wounds {unknown}
 A - a potion of agility {unknown}
 E - a potion of restore abilities {unknown}
 H - a potion of cancellation {unknown}
Books
 z - a book of Dreams

   Spells                             Type                      Level
   a - Ensorcelled Hibernation        Hexes/Ice                    2
   b - Flight                         Charms/Air                   3
   c - Phase Shift                    Translocation                5
   d - Shadow Creatures               Summoning                    5
   e - Mass Confusion                 Hexes                        6
   f - Darkness                       Hexes                        7
Comestibles
 d - 3 bread rations
 f - 2 meat rations
 g - 3 fruits
 v - 2 beef jerkies
 D - 2 royal jellies


   Skills:
 - Level 3.0 Fighting
 * Level 8.2 Axes
 + Level 3.5 Armour
 - Level 2.1 Shields


You had 7 spell levels left.
You didn't know any spells.

Dungeon Overview and Level Annotations

Branches:
Dungeon (6/15)
 Temple: D:4-7

Altars:
Dithmenos
Okawaru
Trog
Xom


Innate Abilities, Weirdness & Mutations

You have hooves in place of feet.
Armour fits poorly on your strangely shaped body.
You cover ground very quickly.
You have extremely tough skin (AC +3).


Message History

Something hits you but does no damage.
You hear some strange, mumbled words.
A puff of frost appears from out of thin air!
The puff of frost hits you!
You closely miss something. You kick something.
Something hits you but does no damage.
You hear some strange, mumbled words.
A magic dart appears from out of thin air!
The magic dart hits you!
* * * LOW HITPOINT WARNING * * *
You miss something. Your kick misses something.
You hear some strange, mumbled words.
A puff of frost appears from out of thin air!
The puff of frost hits you!
* * * LOW HITPOINT WARNING * * *
You miss something. You block its attack.
You hear some strange, mumbled words.
A puff of flame appears from out of thin air!
The puff of flame hits you!
You die...

.....# ##....#####..###.........
....## #....# #.## ##......##
....# #....#####.## #.....##
....## ##....#......## ##...## #
.##..####.............# ##...####
#####..##......<.....####..##....
# ##......##.......##.#####.#.. #
#..#...##.#....#..## ##..# #
##..##..####@....#.# #.## ##
##....##.# #{###..### ###.##
.###.##..##.###.# #### ##..#.#
....####..#..#..# ##.###.# ...##
##....##.# #...#### ..)##
###.....###### ##..# ##
..).###......#...#.## #.## #.
........#..###...#..# #..# ##
.....########..#..### ##.###.


There were no monsters in sight!

Vanquished Creatures
  An ice beast (D:6)
  An ogre (D:5)
  A necrophage (D:6)
  A centaur (D:5)
  2 giant frogs
  2 scorpions
  A giant frog zombie (D:5)
  An orc priest (D:5)
  A hound (D:6)
  2 orc wizards (D:6)
  A centaur skeleton (D:5)
  2 worker ants (D:4)
  2 gnolls
  8 adders
  A shadow imp (D:5)
  5 worms
  An adder skeleton (D:4)
  A giant gecko (D:4)
  2 oozes
  8 orcs
  11 giant cockroaches
  13 goblins
  12 hobgoblins
  18 jackals
  8 kobolds
  A quokka (D:4)
  3 ball pythons
  18 bats
  4 giant newts
  A jackal zombie (D:5)
  A quokka zombie (D:5)
  9 rats
143 creatures vanquished.

Notes
Turn   | Place    | Note
--------------------------------------------------------------
     0 | D:1      | Radiman, the Centaur Fighter, began the quest for the Orb.
     0 | D:1      | Reached XP level 1. HP: 19/19 MP: 1/1
   325 | D:1      | Reached XP level 2. HP: 17/26 MP: 2/2
  1182 | D:2      | Reached XP level 3. HP: 15/31 MP: 3/3
  1635 | D:2      | Reached XP level 4. HP: 20/38 MP: 4/4
  1709 | D:2      | Reached skill level 4 in Axes
  2383 | D:2      | Found an iron altar of Okawaru.
  2562 | D:3      | Reached XP level 5. HP: 36/45 MP: 5/5
  2647 | D:3      | Found a shimmering altar of Xom.
  2713 | D:3      | Reached skill level 5 in Axes
  3585 | D:4      | Reached XP level 6. HP: 43/51 MP: 4/6
  3735 | D:4      | Found a shadowy altar of Dithmenos.
  3784 | D:4      | Reached skill level 6 in Axes
  4362 | D:5      | Entered Level 5 of the Dungeon
  4684 | D:5      | Reached XP level 7. HP: 42/57 MP: 5/7
  4862 | D:5      | Reached skill level 7 in Axes
  5137 | D:5      | Found a bloodstained altar of Trog.
  6258 | D:6      | Reached skill level 8 in Axes
  6423 | D:6      | Reached XP level 8. HP: 32/63 MP: 8/8
  6731 | D:5      | Killed from afar by an orc wizard

Action                   |  1- 3 |  4- 6 |  7- 9 || total
-------------------------+-------+-------+-------++-------
Melee: War axe           |   148 |   257 |    88 ||   493
 Fire: Blowgun           |       |       |    10 ||    10
  Eat: Chunk             |     2 |     8 |    21 ||    31
